Map: [ESL] Ghost River

Players

FoxeR - Winner!

  • Race: Terran Terran
  • Spawn Location: 1:00

Holden

  • Race: Protoss Protoss
  • Spawn Location: 11:00

Event: ESL Spring 2024 Finals

VOD

Have the link to the VOD?

Description

Time

  • Played on: May 31, 2024, 6:25 p.m.
  • Length: 12:33

All games in this series

Show
View Real Time Build Order
Export as new Build Order

FoxeR Terran - Winner!

Build Orders:  

Get SALT Encoding   

  12  0:00  SCV  
  13  0:12  SCV  
  14  0:16  Supply Depot  
  14  0:24  SCV  
  15  0:38  SCV  
  15  0:39  Barracks  
  16  0:43  Refinery  
  16  0:50  SCV  
  16  0:52  Refinery  
  17  1:02  SCV  
  18  1:13  Supply Depot  
  18  1:15  SCV  
  19  1:26  Reaper  
  19  1:28  Orbital Command  
  20  1:42  Factory  
  20  1:54  SCV  
  20  1:58  Barracks Reactor  
  21  2:06  SCV  
  22  2:20  SCV  
  22  2:21  Command Center  
  23  2:30  Starport  
  23  2:33  SCV  
  24  2:37  Supply Depot  
  24  2:40  Widow Mine  
  24  2:43  Marine  
  27  2:45  Marine  
  27  2:50  SCV  
  29  3:01  Marine, Widow Mine  
  29  3:02  SCV  
  29  3:04  Marine  
  34  3:10  Medivac  
  36  3:17  SCV  
  37  3:22  Marine  
  37  3:25  Factory Tech Lab  
  38  3:29  SCV  
  38  3:32  Orbital Command  
  39  3:39  Marine  
  39  3:40  Marine  
  39  3:41  SCV  
  42  3:44  Siege Tank  
  45  3:53  SCV  
  46  3:56  Orbital Command  
  46  4:00  Liberator  
  50  4:04  Supply Depot  
  49  4:12  Marine  
  49  4:14  Marine  
  49  4:16  SCV  
  52  4:26  SCV  
  52  4:30  Supply Depot, Siege Tank, Marine  
  57  4:36  SCV  
  57  4:37  Marine  
  59  4:38  Bunker  
  59  4:40  SCV  
  59  4:44  Starport Tech Lab  
  59  4:45  Barracks  
  60  4:48  SCV, Marine  
  62  4:53  Supply Depot, SCV  
  62  4:55  Marine  
  62  5:01  SCV  
  62  5:02  Engineering Bay  
  62  5:04  Refinery  
  62  5:06  Marine  
  64  5:09  Raven  
  64  5:10  SCV  
  64  5:13  Marine  
  68  5:14  SCV  
  69  5:23  SCV, Marine  
  69  5:25  Refinery  
  69  5:26  Supply Depot, Siege Tank  
  69  5:28  SCV  
  75  5:35  SCV  
  76  5:36  Barracks  
  76  5:40  SCV  
  77  5:47  SCV  
  77  5:48  Terran Infantry Weapons Level 1  
  78  5:52  SCV  
  79  5:57  Supply Depot, Marine  
  79  5:59  SCV  
  79  6:00  Marine  
  78  6:04  SCV  
  78  6:05  Siege Tank  
  78  6:11  SCV  
  83  6:12  Starport Reactor  
  83  6:15  Marine x2, Stimpack  
  83  6:16  SCV  
  83  6:18  Supply Depot  
  86  6:19  Marine  
  89  6:30  Supply Depot  
  89  6:32  Command Center  
  87  6:33  SCV, Marine x2  
  87  6:37  Marine  
  91  6:45  Marauder  
  93  6:47  Combat Shield  
  93  6:48  Factory Reactor  
  93  6:49  Medivac x2  
  93  6:51  Marine x2  
  99  6:58  Barracks  
  99  6:59  Barracks  
  99  7:06  Marine, Marauder  
  101  7:08  Marine  
  101  7:10  Supply Depot  
  101  7:14  SCV x2  
  104  7:18  Marauder  
  104  7:19  Medivac x2  
  110  7:27  Armory  
  110  7:29  Engineering Bay  
  110  7:31  Marine  
  110  7:32  SCV  
  110  7:34  Marauder, Widow Mine  
  116  7:39  Widow Mine  
  116  7:42  Terran Infantry Armor Level 1  
  118  7:44  Supply Depot  
  118  7:46  SCV, Barracks Reactor  
  118  7:47  Barracks Tech Lab  
  119  7:54  Marauder  
  119  7:56  SCV, Widow Mine  
  119  7:58  SCV  
  125  8:00  Marauder  
  125  8:01  Widow Mine  
  129  8:06  Orbital Command  
  128  8:13  Terran Infantry Weapons Level 2  
  128  8:14  SCV  
  127  8:20  SCV  
  127  8:22  Orbital Command  
  127  8:25  Marine x2  
  127  8:26  SCV, Marauder x2  
  128  8:35  Medivac  
  128  8:36  Marine  
  128  8:38  Marine x2  
  133  8:42  Widow Mine  
  133  8:43  Marine  
  133  8:47  Marauder  
  135  8:48  SCV x2  
  135  8:51  Supply Depot, Marine  
  135  8:52  Supply Depot  
  125  9:07  Marine  
  125  9:08  Marine  
  112  9:18  Marine  
  112  9:19  Medivac  
  112  9:24  Marine x2  
  112  9:26  Marine  
  112  9:28  Medivac  
  104  9:36  Marine  
  102  9:41  Marine  
  102  9:42  Marine  
  102  9:44  Marine  
  104  9:45  Ghost Academy  
  102  10:02  Supply Depot  
  102  10:04  Orbital Command  
  102  10:23  Supply Depot  
  102  10:24  Supply Depot  
  101  10:45  SCV, Marine x4, Medivac  
  107  10:52  Supply Depot  
  107  10:54  Supply Depot  
  105  11:01  Orbital Command, Medivac  
  105  11:03  Marine x4  
  102  11:11  Orbital Command  
  74  11:20  Orbital Command  
  74  11:21  Marine x4  
  78  11:39  Marine x4  
  79  11:54  Widow Mine  
  79  11:56  SCV, Marine x3  
  79  11:58  SCV  
Show
View Real Time Build Order
Export as new Build Order

Holden Protoss 

Build Orders: 1 Gate Expand, Blink Stalkers 

Get SALT Encoding   

  12  0:00  Probe  
  13  0:12  Probe  
  14  0:16  Pylon  
  14  0:24  Probe (Chrono Boost)  
  15  0:34  Gateway  
  15  0:36  Probe (Chrono Boost)  
  16  0:45  Probe (Chrono Boost)  
  16  0:47  Assimilator  
  17  0:51  Probe  
  18  1:03  Probe  
  19  1:15  Probe  
  20  1:22  Cybernetics Core  
  20  1:31  Nexus  
  20  1:37  Pylon  
  20  1:40  Probe  
  21  1:47  Assimilator  
  21  1:52  Probe  
  22  1:58  Adept (Chrono Boost)  
  24  2:03  Warp Gate  
  24  2:04  Probe  
  25  2:16  Probe  
  25  2:19  Adept (Chrono Boost)  
  28  2:28  Twilight Council  
  28  2:29  Probe  
  29  2:43  Probe (Chrono Boost)  
  31  2:46  Probe (Chrono Boost)  
  31  2:48  Stalker  
  33  2:53  Probe (Chrono Boost)  
  33  2:56  Probe (Chrono Boost)  
  35  2:58  Probe  
  35  3:04  Blink (Chrono Boost)  
  36  3:05  Probe  
  36  3:10  Probe  
  38  3:15  Gateway  
  38  3:18  Probe  
  39  3:23  Probe  
  40  3:30  Probe  
  40  3:32  Robotics Facility  
  41  3:35  Probe  
  42  3:42  Gateway, Probe  
  42  3:46  Gateway  
  42  3:47  Probe  
  44  3:54  Probe  
  45  3:59  Probe  
  46  4:05  Pylon  
  46  4:07  Pylon  
  46  4:10  Assimilator  
  46  4:13  Probe  
  46  4:14  Probe  
  46  4:20  Stalker  
  46  4:23  Warp Prism, Stalker  
  50  4:28  Probe x2  
  52  4:38  Stalker  
  52  4:40  Probe x2  
  52  4:41  Stalker  
  58  4:46  Stalker  
  58  4:47  Stalker  
  62  4:58  Probe  
  61  5:06  Pylon  
  61  5:07  Nexus  
  61  5:10  Charge (Chrono Boost)  
  61  5:14  Probe  
  61  5:21  Pylon  
  62  5:25  Pylon, Probe  
  62  5:26  Zealot, Probe  
  62  5:28  Sentry  
  68  5:30  Pylon  
  68  5:37  Probe  
  68  5:38  Probe  
  68  5:40  Stalker  
  72  5:46  Pylon  
  72  5:49  Probe  
  71  5:50  Probe  
  71  5:52  Stalker  
  73  6:01  Probe  
  73  6:02  Probe  
  73  6:13  Probe (Chrono Boost)  
  73  6:14  Probe (Chrono Boost)  
  75  6:25  Probe (Chrono Boost)  
  78  6:26  Probe (Chrono Boost)  
  78  6:27  Templar Archives, Probe (Chrono Boost)  
  78  6:28  Zealot x3  
  78  6:30  Sentry, Probe (Chrono Boost)  
  78  6:31  Probe (Chrono Boost)  
  88  6:34  Probe  
  88  6:39  Gateway, Probe  
  90  6:41  Probe  
  90  6:43  Psionic Storm  
  91  6:47  Gateway  
  91  6:50  Gateway x2  
  91  6:52  Probe x2  
  91  6:53  Probe  
  94  6:59  Zealot x3  
  100  7:08  Shield Battery  
  100  7:14  Zealot  
  102  7:24  Nexus  
  102  7:25  High Templar x3  
  102  7:26  Pylon  
  108  7:35  Zealot x2  
  112  7:40  Pylon  
  112  7:44  Pylon  
  112  7:46  Pylon  
  112  7:47  Zealot x2, High Templar  
  118  7:58  Zealot x4  
  124  8:00  Zealot  
  126  8:07  Pylon  
  126  8:09  Zealot x2, Pylon  
  126  8:10  Pylon  
  130  8:14  Gateway  
  130  8:17  Gateway  
  130  8:18  Zealot x4  
  132  8:37  Robotics Facility, Probe  
  132  8:38  Assimilator  
  132  8:39  Robotics Bay  
  132  8:40  Zealot x5  
  143  8:51  Zealot x3  
  114  9:15  Zealot x10  
  113  9:25  Archon  
  107  9:32  Disruptor (Chrono Boost)  
  107  9:36  High Templar  
  117  9:39  Zealot x3  
  117  9:42  Disruptor (Chrono Boost)  
  123  10:06  Colossus (Chrono Boost)  
  129  10:08  Pylon  
  129  10:09  Pylon  
  129  10:11  Pylon  
  129  10:19  Colossus  
  133  10:30  Zealot x3  
  139  10:42  Stalker x2  
  143  10:54  Zealot x3  
  96  11:12  Stalker x3  
  96  11:18  Zealot  
  78  11:36  Zealot  
  78  11:37  Zealot x3  
  84  11:42  High Templar x2  
  88  11:49  Archon  
  34  12:25  Stalker  
  48  12:30  Zealot  
Tags
 
Add a new tag
Caveats
  • Supply blocks, unpowered buildings, or Contaminate may cause inaccurate times.
  • Supply counts are checked every 10 seconds.